cohdb
Replays
Latest Replays
All Replays
Popular Replays
Top Player Replays
Match Explorer
How It Works
Community
CoH3 Stats
Reddit
Sign in to upload your games and track your stats! →
Sign in with Steam
Match 43323941
Unlisted
Match 43323941
Overview
Messages
Build Orders
End
Kradschützen Motorcycle Team
Panzergrenadier Squad
Selects Panzerjäger Kommand Battlegroup
250 Light Carrier
Selects Mine Fields
Panzergrenadier Squad
Construct Light Support Kompanie
MG34 Team
Fire Support Elements
le.IG 18 Mechanized Group
Construct Panzerarmee Kommand
2.5-tonne Medical Truck
Panzerjäger Squad
Selects GrB 39 Grenade Launcher Requisition
Selects Tank Busters
ImHereforSnacks
WyattEarp
janemba914
ßoo
Iron_Sarge69
StormblasT
0
0
Comments
sign in to comment!
No comments posted yet!